Map: King's Cove LE

Players

Gerald - Winner!

  • Race: Protoss Protoss
  • Spawn Location: 5:00

Kel

  • Race: Zerg Zerg
  • Spawn Location: 11:00

Event: 2019 WCS Spring

VOD

Have the link to the VOD?

Description

Time

  • Played on: May 17, 2019, 6:38 a.m.
  • Length: 4:34

All games in this series

Show
View Real Time Build Order
Export as new Build Order

Gerald Protoss - Winner!

Build Orders: 1 Gate Expand 

Get SALT Encoding   

  12  0:00  Probe  
  13  0:13  Probe  
  14  0:19  Pylon  
  14  0:24  Probe  
  15  0:32  Assimilator  
  15  0:33  Probe  
  16  0:43  Probe, Gateway  
  17  0:55  Probe  
  18  1:07  Probe  
  19  1:21  Probe  
  20  1:29  Nexus  
  20  1:35  Cybernetics Core  
  20  1:42  Zealot  
  22  1:48  Pylon  
  22  1:51  Probe  
  23  2:01  Gateway  
  23  2:02  Adept  
  23  2:08  Assimilator  
  25  2:16  Warp Gate  
  25  2:23  Robotics Facility  
  25  2:26  Probe  
  26  2:38  Probe  
  26  2:44  Adept  
  29  2:47  Probe  
  29  2:50  Probe  
  31  3:00  Immortal  
  31  3:06  Probe  
  38  3:12  Zealot  
  38  3:19  Stalker  
  40  3:22  Probe  
  41  3:29  Probe  
  43  3:45  Immortal  
  43  3:47  Pylon  
  46  4:05  Probe x2  
  46  4:08  Stalker  
  50  4:17  Probe x2  
  50  4:23  Twilight Council  
  54  4:32  Pylon  
Show
View Real Time Build Order
Export as new Build Order

Kel Zerg 

Build Orders: Pool First 

Get SALT Encoding   

  12  0:01  Drone  
  13  0:14  Overlord  
  13  0:19  Drone  
  14  0:32  Drone  
  14  0:33  Drone  
  16  0:44  Drone  
  16  0:47  Spawning Pool  
  16  0:50  Drone  
  16  0:54  Extractor  
  16  0:59  Drone  
  17  1:18  Hatchery  
  16  1:34  Zergling x6  
  19  1:45  Zergling x2  
  20  1:55  Lair  
  20  2:00  Extractor  
  19  2:02  Zergling x2  
  20  2:10  Zergling x2  
  21  2:18  Zergling x2  
  22  2:33  Metabolic Boost, Zergling x4  
  23  2:46  Zergling x4  
  24  2:59  Overlord  
  24  3:00  Zergling x2  
  25  3:07  Nydus Network  
  25  3:09  Zergling x2  
  24  3:17  Zergling x2  
  24  3:19  Zergling x2  
  26  3:24  Zergling x2  
  27  3:29  Zergling x2  
  27  3:32  Zergling x2  
  29  3:49  Nydus Canal  
  31  3:55  Zergling x6  
  31  3:56  Zergling x2  
  33  4:13  Drone  
  33  4:14  Drone  
Tags
 
Add a new tag
Caveats
  • Supply blocks, unpowered buildings, or Contaminate may cause inaccurate times.
  • Supply counts are checked every 10 seconds.